 Dungeon Crawl Stone Soup version 0.30-a0-859-gf88a04b62d (webtiles) character file.

Game seed: 18190183192224480897

359 cforsyth the Magician (level 6, 0/32 HPs)
             Began as a Deep Elf Earth Elementalist on Mar 6, 2023.
             Slain by a scorpion (4 damage)
             ... on level 5 of the Dungeon.
             The game lasted 00:03:13 (2955 turns).

cforsyth the Magician (Deep Elf Earth Elementalist) Turns: 2955, Time: 00:03:13

Health: 0/32       AC:  3    Str:  5    XL:     6   Next: 37%
Magic:  13/17      EV: 12    Int: 22    God:
Gold:   200        SH:  0    Dex: 15    Spells: 17/18 levels left

rFire   . . .      SeeInvis .    (no weapon)
rCold   . . .      Faith    .    (no shield)
rNeg    . . .      Spirit   .    a - +0 robe
rPois   .          Reflect  .    (no helmet)
rElec   .          Rampage  .    c - +0 cloak
rCorr   .                        (no gloves)
Will    .....                    (no boots)
Stlth   ++                       (no amulet)
HPRegen 0.25/turn                (no ring)
MPRegen 0.15/turn                (no ring)

@: lethally poisoned (0 -> -15)
A: no striking features
a: no special abilities


You were on level 5 of the Dungeon.
You visited 1 branch of the dungeon, and saw 5 of its levels.

You collected 200 gold pieces.

Inventory:

Armour
 a - a +0 robe (worn)
 c - a +0 cloak (worn)
Jewellery
 i - a ring of flight
Wands
 l - a wand of flame (31)
 p - a wand of roots (9)
Scrolls
 e - a scroll of blinking {unknown}
 g - 5 scrolls of identify {unknown}
 h - a scroll of immolation {unknown}
 j - a scroll of noise
 k - 2 scrolls of teleportation {unknown}
 m - 2 scrolls of brand weapon
 n - a scroll of vulnerability {unknown}
Potions
 b - a potion of magic
 d - 3 potions of curing
 f - a potion of berserk rage {unknown}
 o - a potion of invisibility {unknown}
 q - a potion of mutation {unknown}


   Skills:
 - Level 2.4 Dodging
 - Level 2.4 Stealth
 + Level 6.7 Spellcasting
 - Level 1.1 Transmutations
 + Level 6.1 Earth Magic


You had 17 spell levels left.
You knew the following spells:

 Your Spells              Type           Power      Damage    Failure   Level
a - Sandblast             Erth           68%        2d15      1%          1

Your spell library contained the following spells:

 Spells                   Type           Power      Damage    Failure   Level
 Passwall                 Tmut/Erth      19%        N/A       3%          2
 Stone Arrow              Conj/Erth      40%        3d9       8%          3
 Blink                    Tloc           14%        N/A       13%         2
 Lesser Beckoning         Tloc           14%        N/A       13%         2
 Momentum Strike          Conj/Tloc      14%        3d8       13%         2
 Petrify                  Tmut/Erth      23%        N/A       19%         4


Dungeon Overview and Level Annotations

Branches:
Dungeon (6/15)
 Temple: D:4-7

Altars:


Message History

The scorpion is moderately wounded.
A howler monkey comes into view.
The blast of sand hits the hound!
The hound is heavily wounded.
The hound bites you but does no damage.
The blast of sand hits the hound!
You kill the hound!
The scorpion barely misses you. The water moccasin bites you!
The scorpion stings you. The scorpion misses you.
The blast of sand misses the scorpion.
The water moccasin barely misses you.
The scorpion stings you. x2; The water moccasin bites you.
The scorpion barely misses you. The scorpion closely misses you.
Unknown command.
As you read the scroll labelled HOINIU PUTRERR, it crumbles to dust.
It is a scroll of brand weapon.
You aren't carrying any weapons that can be branded.
A centaur comes into view.
The water moccasin barely misses you. The scorpion misses you.
The scorpion stings you but does no damage.
The water moccasin bites you.
* * * LOW HITPOINT WARNING * * *
You are lethally poisoned!
The water moccasin poisons you!
The centaur moves out of view.
Unknown command.
It was a potion of curing.
You feel better. The water moccasin misses you. The scorpion stings you!
The scorpion stings you.
An ogre comes into view. It is wielding a +0 giant spiked club.
As you read the scroll labelled EDIZIE ELUTI, it crumbles to dust.
You hear a loud clanging noise!
It was a scroll of noise.
You hear a shout! x2
Something shouts, "Away with thee, thou simpering idle-headed mule!"
You hear an angry hiss.
You hear a shout! x2
The water moccasin bites you.
* * * LOW HITPOINT WARNING * * *
You are lethally poisoned!
The water moccasin poisons you! The scorpion stings you.
* * * LOW HITPOINT WARNING * * *
The scorpion stings you.
You die...

. ..O . .. . #...
.. #..#) ... #####.
..#...# ##.....
.......
###.....##s[.####
##........@Sh....#
##..........s##.#..
##.........####
#..........#
#..........##
...........#
..........#
#........#
#.......##


You could see a water moccasin, an ogre, 2 scorpions and a howler monkey.

Vanquished Creatures
  A scorpion (D:3)
  A hound (D:5)
  An iguana (D:3)
  Jessica (D:2)
  Natasha (thrice) (D:2)
  4 gnolls (D:3)
  4 adders
  2 worms (D:2)
  A dart slug (D:2)
  2 orcs
  2 endoplasms
  4 giant cockroaches
  3 hobgoblins (D:2)
  2 jackals (D:2)
  2 quokkas
  4 ball pythons
  10 bats
  5 frilled lizards
  8 goblins
  2 kobolds (D:1)
  7 rats
69 creatures vanquished.

Notes
Turn   | Place    | Note
-------+----------+-------------------------------------------
     0 | D:1      | cforsyth the Deep Elf Earth Elementalist began the quest
                  | for the Orb.
     0 | D:1      | Reached XP level 1. HP: 10/10 MP: 6/6
   516 | D:1      | Reached XP level 2. HP: 15/15 MP: 5/8
  1133 | D:2      | Reached XP level 3. HP: 19/19 MP: 7/10
  1491 | D:2      | Noticed Jessica
  1495 | D:2      | Killed Jessica
  1496 | D:2      | Reached XP level 4. HP: 24/24 MP: 10/12
  1665 | D:2      | Noticed Natasha
  1667 | D:2      | Killed Natasha
  1668 | D:2      | Reached skill level 5 in Spellcasting
  1928 | D:2      | Noticed Natasha
  1936 | D:2      | Killed Natasha
  1937 | D:2      | Reached skill level 5 in Earth Magic
  1937 | D:2      | Reached XP level 5. HP: 28/28 MP: 11/14
  2267 | D:2      | Noticed Natasha
  2270 | D:2      | Killed Natasha
  2806 | D:3      | Reached XP level 6. HP: 32/32 MP: 12/17
  2922 | D:3      | You fall into a shaft and drop 3 floors!
  2936 | D:5      | Entered Level 5 of the Dungeon
  2947 | D:5      | Noticed a water moccasin
  2955 | D:5      | Slain by a scorpion

Illustrated notes

Levels and vault maps discovered:
D:1:      spicycebolla_green_bress_n_ham_2, layout_basic, amethyst_killhole,
          nicolae_titane
D:2:      layout_loops_ring, uniq_jessica, uniq_natasha
D:3:      layout_rooms, eino_curves_04
D:5:      cheibrodos_fzero, layout_cave_pods
D:6:      hangedman_cross_stitches, layout_loops_ring, minmay_fire_ice_demons

Skill      XL: |  1  2  3  4  5  6 |
---------------+-------------------+-----
Spellcasting   | 4 5 6 |  6.7
Earth Magic    | 4 5 6 |  6.1
Dodging        | |  2.4
Stealth        | |  2.4
Transmutations | |  1.1

Action                     |  1- 3 |  4- 6 || total
---------------------------+-------+-------++-------
   Cast: Sandblast         |    54 |    43 ||    97
    Use: Scroll            |       |     2 ||     2
         Potion            |       |     1 ||     1
 Armour: Robe              |     2 |     8 ||    10
  Dodge: Dodged            |     2 |    17 ||    19

Table legend: (Time is in decaauts)
 A = Elapsed time spent in this place.
 B = Non-inter-level travel time spent in this place.
 C = Inter-level travel time spent in this place.
 D = Time resting spent in this place.
 E = Time spent auto-exploring this place.
 F = Levels seen in this place.
 G = Mean time per level.
                   A        B        C        D        E       F      G
               +--------+--------+--------+--------+--------+-----+--------+
         Total |   3005 |   2990 |     15 |    163 |   2460 |   5 |  601.0 |
       Dungeon |   3005 |   2990 |     15 |    163 |   2460 |   5 |  601.0 |
               +--------+--------+--------+--------+--------+-----+--------+

Top non-repeatable levels by time:
     D:2: 1574 daAuts
     D:1: 1098 daAuts
     D:3: 297 daAuts
     D:5: 21 daAuts
     D:6: 13 daAuts
